 Dungeon Crawl Stone Soup version 0.21-a0-150-gc243083 (webtiles) character file.

9089 tsouns the Martial Artist (level 11, -1/94 HPs)
             Began as a Green Draconian Monk on July 27, 2017.
             Was an Initiate of Gozag.
             Hit by a tomahawk of dispersal thrown by a minotaur (29 damage)
             ... in a labyrinth.
             The game lasted 00:35:45 (11619 turns).

tsouns the Martial Artist (Green Draconian Monk)   Turns: 11619, Time: 00:35:45

Health: -1/94      AC:  9    Str: 14    XL:     11   Next: 18%
Magic:  13/13      EV: 23    Int: 13    God:    Gozag
Gold:   1552       SH:  0    Dex: 19    Spells: 10/13 levels left

rFire    + . .     SeeInvis .     - Unarmed
rCold    . . .     Gourm    .   (no shield)
rNeg     . . .     Faith    .   (armour unavailable)
rPois    +         Spirit   .   (helmet restricted)
rElec    .         Reflect  .   t - +1 cloak
rCorr    .         Harm     .   (no gloves)
MR       .....                  (no boots)
Stlth    +++.......             (no amulet)
HPRegen  0.25/turn              i - ring of protection from fire
MPRegen  0.13/turn              (no ring)

@: agile, short of breath
A: breathe noxious fumes, unfitting armour, poison resistance, cold-blooded, AC
+7
a: Breathe Noxious Fumes, Potion Petition, Call Merchant, Bribe Branch, Renounce
Religion


You were in a labyrinth.
You worshipped Gozag.
Gozag was most pleased with you.
You were hungry.

You visited 3 branches of the dungeon, and saw 13 of its levels.
You also visited: Labyrinth and Sewer.

You collected 1552 gold pieces.

Inventory:

Hand Weapons
 A - the +7 Singing Sword
   (You found it on level 5 of the Dungeon)
Missiles
 n - 268 stones (quivered)
 r - 3 tomahawks
 C - a throwing net
Armour
 t - a +1 cloak (worn)
Jewellery
 i - a ring of protection from fire (left hand)
Wands
 l - a wand of paralysis (11/24)
 v - a wand of disintegration (1/24)
 z - a wand of flame (5/48)
Scrolls
 d - 3 scrolls of amnesia
 f - 4 scrolls of teleportation
 m - 2 scrolls of remove curse
 q - a scroll of recharging
 s - 3 scrolls of immolation
 y - 2 scrolls of enchant weapon
Potions
 e - 4 potions of brilliance
 j - 6 potions of curing
 k - 4 potions of mutation
 o - a potion of degeneration
 p - a potion of flight
 x - a potion of cancellation
 B - 2 potions of lignification
 E - a potion of magic
Books
 g - a book of Cantrips

   Spells                             Type                      Level
   a - Confusing Touch                Hexes                        1
   b - Animate Skeleton               Necromancy                   1
   c - Summon Small Mammal            Summoning                    1
   d - Apportation                    Translocation                1
Comestibles
 a - 5 bread rations
 h - 5 meat rations


   Skills:
 - Level 8.1 Fighting
 - Level 7.7 Dodging
 - Level 1.7 Stealth
 * Level 13.3 Unarmed Combat
 + Level 1.6 Spellcasting
 + Level 3.1 Hexes


You had 10 spell levels left.
You knew the following spells:

 Your Spells              Type           Power        Failure   Level  Hunger
a - Corona                Hex            #......      8%          1    ##.....
b - Apportation           Tloc           #.....       26%         1    ##.....
c - Confusing Touch       Hex            #.....       8%          1    ##.....


Dungeon Overview and Level Annotations

Branches:
Dungeon (11/15)            Temple (1/1) D:6            Lair (1/6) D:8
    Orc: D:9-12

Altars:
Ashenzari
Cheibriados
Dithmenos
Elyvilon
Fedhas
Gozag
Hepliaklqana
Kikubaaqudgha
Makhleb
Nemelex Xobeh
Okawaru
Qazlal
Ru
Sif Muna
Trog
Uskayaw
Vehumet
Wu Jian
Xom
Yredelemnul
Zin
The Shining One

Shops:
D:6 (

Annotations:
D:11 Erolcha


Innate Abilities, Weirdness & Mutations

You can breathe blasts of noxious fumes.
Your lurid green scales are hard. (AC +7)
You cannot fit into any form of body armour.
Your system is resistant to poisons. (rPois)
You are cold-blooded and may be slowed by cold attacks.


Message History

Unknown command.
You feel much better.
Evoke which item? (* to show all) (? for menu, Esc to quit)
Aiming: Throw Flame (will waste charges)
Press: ? - help, Shift-Dir - straight line, f/p - minotaur
Aim: a minotaur, wielding a long sword of holy wrath, wearing a plate armour and wearing a shield (almost dead)
The minotaur blocks the puff of flame.
Evoking this partially-identified wand wasted a few charges.
The minotaur throws a tomahawk of dispersal.
The tomahawk of dispersal misses you.
Evoke which item? (* to show all) (? for menu, Esc to quit)
Aiming: Paralyse (will waste charges)
Press: ? - help, Shift-Dir - straight line, f/p - minotaur
Aim: a minotaur, wielding a long sword of holy wrath, wearing a plate armour and wearing a shield (almost dead, chance to defeat MR: 15%)
The minotaur resists with almost no effort.
Evoking this partially-identified wand wasted a few charges.
The minotaur throws a tomahawk of dispersal.
The tomahawk of dispersal hits you!!
You die...
Your body crumbles into a pile of gold.

#.#. .. #
. .. .#.
..# ##
.#. .#
#... . ..
. ... #
..#
.###### #
#.# .
...# .
.#.# ...
#.#####.#
### .
#.....#.
. # # #
#@###.###
# #
#.....#
.. #..
##'##.#
.#. .
#8.8#.. .
.# #...#
.# #
#8.8# # #
# . #:.}#
# #. . #
#8H8#.. #
.
#รท.)#..
## #


You could see a minotaur.

Vanquished Creatures
  Joseph (D:10)
  The ghost of p0werm0de the Insei, a novice DsAE of Cheibriados (D:5)
  A komodo dragon (D:8)
  A merfolk (D:9)
  Prince Ribbit (D:7)
  2 hornets
  A hippogriff (D:10)
  A minotaur skeleton (Lab)
  6 yaks (D:9)
  A wraith (D:10)
  A basilisk (Lair:1)
  A wyvern (D:8)
  3 hungry ghosts
  A water moccasin (D:6)
  A porcupine (Lair:1)
  2 orc warriors
  A phantom (D:4)
  4 ice beasts
  5 ogres
  A sky beast (D:6)
  5 centaurs
  A crocodile (D:11)
  3 big kobolds
  4 bullfrogs
  12 scorpions
  9 killer bees
  3 wights (D:7)
  8 howler monkeys
  4 centaur zombies
  2 crimson imps
  A jelly (D:9)
  6 hounds
  4 orc priests
  7 orc wizards
  A bullfrog skeleton (D:9)
  2 centaur skeletons
  3 iguanas
  7 worker ants
  A killer bee zombie (D:6)
  A hound zombie (D:6)
  A hound skeleton (D:5)
  3 gnolls (D:2)
  15 adders
  10 river rats (Sewer)
  3 shadow imps
  An ooze (D:2)
  3 adder skeletons
  A leopard gecko (D:4)
  32 orcs
  9 bats
  8 giant cockroaches
  9 goblins
  11 hobgoblins
  7 jackals
  25 kobolds
  6 ball pythons
  5 frilled lizards
  A giant cockroach zombie (D:6)
  A leopard gecko zombie (D:5)
  A quokka zombie (D:10)
  23 rats
  A fungus (D:5)
296 creatures vanquished.

Vanquished Creatures (others)
  5 fungi (D:5)
  A plant (D:8)
6 creatures vanquished.

Grand Total: 302 creatures vanquished

Notes
Turn   | Place    | Note
-------+----------+-------------------------------------------
     0 | D:1      | tsouns the Draconian Monk began the quest for the Orb.
     0 | D:1      | Reached XP level 1. HP: 19/19 MP: 1/1
   140 | D:1      | Reached XP level 2. HP: 20/26 MP: 2/2
   417 | D:1      | Reached skill level 4 in Unarmed Combat
   417 | D:1      | Reached XP level 3. HP: 31/31 MP: 3/3
   825 | D:2      | Reached XP level 4. HP: 21/40 MP: 4/4
  1138 | D:2      | Reached skill level 5 in Unarmed Combat
  1339 | D:2      | Found an ancient bone altar of Kikubaaqudgha.
  1345 | D:2      | Found a white marble altar of Elyvilon.
  1597 | D:3      | Found a glowing drain.
  1628 | Sewer    | Entered a sewer
  1752 | Sewer    | Reached XP level 5. HP: 23/46 MP: 5/5
  2438 | Sewer    | Reached skill level 6 in Unarmed Combat
  2438 | Sewer    | Reached XP level 6. HP: 31/55 MP: 6/6
  2876 | D:3      | Reached skill level 5 in Fighting
  3031 | D:3      | Found a shadowy altar of Dithmenos.
  3160 | D:3      | Found a deep blue altar of Sif Muna.
  3686 | D:3      | Identified Sif Muna's Handbook of Malediction
  3692 | D:3      | Learned a level 1 spell: Corona
  3758 | D:4      | Reached skill level 7 in Unarmed Combat
  3758 | D:4      | Your scales start taking on a lurid green colour.
  3758 | D:4      | Reached XP level 7. HP: 19/61 MP: 7/7
  3758 | D:4      | Gained mutation: Your system is resistant to poisons. (rPois) [Green Draconian growth]
  4340 | D:4      | Reached skill level 8 in Unarmed Combat
  4526 | D:4      | Reached XP level 8. HP: 68/69 MP: 8/8
  5336 | D:5      | Entered Level 5 of the Dungeon
  5336 | D:5      | Noticed p0werm0de's ghost (novice DsAE)
  5587 | D:5      | Found a bloodstained altar of Trog.
  5621 | D:5      | Reached skill level 9 in Unarmed Combat
  5710 | D:5      | Killed p0werm0de's ghost
  5804 | D:5      | Reached skill level 5 in Dodging
  5845 | D:5      | Reached skill level 10 in Unarmed Combat
  6032 | D:5      | Reached XP level 9. HP: 74/74 MP: 9/9
  6153 | D:6      | Found a sacrificial altar of Ru.
  6161 | D:6      | Found Kuichogh's Weapon Boutique.
  6436 | D:6      | Found a radiant altar of Vehumet.
  6491 | D:6      | Identified Sif Muna's Collected Works on the Entourage and the Traveller
  6507 | D:6      | Found a staircase to the Ecumenical Temple.
  6521 | Temple   | Entered the Ecumenical Temple
  6532 | Temple   | Became a worshipper of Gozag Ym Sagoz the Greedy
  6736 | D:6      | Found a sparkling altar of Nemelex Xobeh.
  6843 | D:7      | Noticed Prince Ribbit
  6866 | D:7      | Killed Prince Ribbit
  6938 | D:7      | Reached skill level 11 in Unarmed Combat
  7273 | D:7      | Found a bloodstained altar of Trog.
  7580 | D:8      | Found a burning altar of Makhleb.
  7693 | D:8      | Found a staircase to the Lair.
  7693 | D:8      | Noticed a komodo dragon
  7738 | D:8      | Killed a komodo dragon
  8162 | D:8      | Reached XP level 10. HP: 73/84 MP: 10/10
  8509 | D:9      | Reached skill level 12 in Unarmed Combat
  8756 | D:9      | Noticed a hand axe
  9055 | D:9      | Noticed a dagger
  9056 | D:9      | Found a hide-covered altar of Uskayaw.
  9111 | D:9      | Found a glowing golden altar of the Shining One.
  9238 | D:9      | Learned a level 1 spell: Apportation
  9240 | D:9      | Learned a level 1 spell: Confusing Touch
  9759 | D:10     | Entered Level 10 of the Dungeon
  9777 | D:10     | Reached skill level 1 in Hexes
 10023 | D:10     | Noticed Joseph
 10037 | D:10     | HP: 4/88 [Joseph/uncursed quarterstaff of protection (17)]
 10042 | D:10     | Killed Joseph
 10389 | D:10     | Reached skill level 13 in Unarmed Combat
 10763 | D:10     | Reached XP level 11. HP: 76/94 MP: 12/12
 10817 | D:10     | Reached skill level 1 in Spellcasting
 10945 | D:11     | Noticed Erolcha
 11100 | Lair:1   | Entered Level 1 of the Lair of Beasts
 11159 | Lair:1   | Found a labyrinth entrance.
 11175 | Lab      | Entered a labyrinth
 11581 | Lab      | Noticed a minotaur
 11619 | Lab      | Hit by a tomahawk of dispersal thrown by a minotaur

Vault maps used:
D:1:      mrwooster_arrival_statue_3, minmay_nonomino_d4
D:2:      minitemple
D:3:      led_sif_book, grunt_dithmenos_smoke, portal_sewer_entry_a
D:5:      old_forge, first_bread, bloody_trog
D:6:      kennysheep_little_box, vehumet_altar_wand_db,
          minmay_temple_entry_crystal_x, serial_shops, shop,
          nicolae_ru_awakened_eye
D:7:      nicolae_overflow_hidden_temple, uniq_prince_ribbit1
D:8:      makhleb_grotto_becter, david_lair_shrubbed
D:9:      tso_metal_star, dancing_weapons_uskayaw, hangedman_fish_farm
D:10:     uniq_joseph
D:11:     uniq_josephine, uniq_erolcha, uniq_grum
Temple:   nicolae_temple_hex_pool
Lair:1:   lab_entry_generic, worms_lemuel, grunt_megastairs_5, lemuel_fruit_tree
Lab:      nicolae_lab_dead_adventurers, nicolae_lab_lava,
          labyrinth_skeletal_remains, lab_hedge, nicolae_lab_arrow,
          nicolae_lab_very_dead_end, nicolae_lab_checkerboard
Sewer:    sewer_minmay_treatment

Skill      XL: |  1  2  3  4  5  6  7  8  9 10 11 |
---------------+----------------------------------+-----
Unarmed Combat | 4 5 6 7 8 10 11 13 | 13.3
Fighting       | 4 5 6 8 |  8.1
Dodging        | 3 5 6 7 |  7.7
Hexes          | 2 3 |  3.1
Spellcasting   | 1 |  1.6
Stealth        | |  1.7

Action                   |  1- 3 |  4- 6 |  7- 9 | 10-12 || total
-------------------------+-------+-------+-------+-------++-------
Melee: Unarmed           |   130 |   266 |   430 |   350 ||  1176
       Tailslap          |    10 |    34 |    55 |    49 ||   148
       Punch             |     2 |     7 |    25 |    26 ||    60
Throw: Stone             |       |     1 |       |       ||     1
 Cast: Confusing Touch   |       |       |       |     6 ||     6
 Abil: Breathe Noxious F |       |       |    10 |     7 ||    17
Evoke: Wand              |       |     3 |       |    17 ||    20
  Use: Scroll            |     6 |     6 |     7 |     5 ||    24
       Potion            |       |     5 |     1 |     6 ||    12
 Stab: Sleeping          |     3 |       |     6 |     1 ||    10
       Distracted        |     1 |       |     2 |     2 ||     5
       Confused          |       |       |     5 |    21 ||    26
  Eat: Chunk             |       |     5 |     5 |     1 ||    11
       Royal jelly       |       |     2 |     2 |     3 ||     7
       Fruit             |       |     1 |     4 |       ||     5
       Bread ration      |       |       |     1 |     1 ||     2
Armor: Skin              |    28 |    50 |    75 |    40 ||   193
Dodge: Dodged            |    85 |   127 |   231 |   199 ||   642
